 Dungeon Crawl Stone Soup version 0.21.1-1-g345015f (webtiles) character file.

322 EpicGamer07 the Covered (level 6, -4/47 HPs)
             Began as a Human Fighter on June 10, 2018.
             Slain by an iguana (10 damage)
             ... on level 4 of the Dungeon.
             The game lasted 00:08:40 (2252 turns).

EpicGamer07 the Covered (Human Fighter)             Turns: 2252, Time: 00:08:41

Health: -4/47      AC:  8    Str: 23    XL:     6   Next: 76%
Magic:  5/5        EV:  8    Int: 12    God:
Gold:   161        SH: 10    Dex: 13    Spells: 5/5 levels left

rFire    + . .     SeeInvis .   t - +1 morningstar (protect)
rCold    . . .     Gourm    .   c - +0 shield
rNeg     . . .     Faith    .   b - +0 scale mail
rPois    .         Spirit   .   (helmet restricted)
rElec    .         Reflect  .   l - +0 cloak
rCorr    .         Harm     .   (no gloves)
MR       .....                  (no boots)
Stlth    ..........             (no amulet)
HPRegen  0.15/turn              e - +3 ring of strength
MPRegen  0.09/turn              o - +4 ring of intelligence

@: no status effects
A: antennae 1, fire resistance 1, low mp 1, strong 1
a: no special abilities


You were on level 4 of the Dungeon.
You were not hungry.

You visited 1 branch of the dungeon, and saw 4 of its levels.

You collected 161 gold pieces.

Inventory:

Hand Weapons
 a - a +0 long sword
 m - a +0 mace of crushing
 s - a +0 flail
 t - a +1 morningstar of protection (weapon)
 u - a +2 hunting sling of velocity
 x - a +0 falchion
Missiles
 g - 17 bolts
 w - 25 arrows
Armour
 b - a +0 scale mail (worn)
 c - a +0 shield (worn)
 l - a +0 cloak (worn)
 y - a +0 robe of cold resistance
Jewellery
 e - a +3 ring of strength (left hand)
 o - a +4 ring of intelligence (right hand)
Scrolls
 h - a scroll of noise {unknown}
 i - 7 scrolls of identify {unknown}
 k - a scroll of amnesia {unknown}
 n - a scroll of remove curse {unknown}
 r - a scroll of random uselessness {unknown}
Potions
 d - a potion of might
 j - 2 potions of mutation
 p - a potion of curing
 q - a potion of brilliance {unknown}
 v - a potion of heal wounds {unknown}
Comestibles
 f - 2 rations


   Skills:
 + Level 3.5 Fighting
 + Level 4.0 Long Blades
 + Level 1.0 Maces & Flails
 + Level 4.2 Armour
 + Level 1.1 Dodging
 + Level 4.2 Shields


You had 5 spell levels left.
You didn't know any spells.

Dungeon Overview and Level Annotations

Branches:
Dungeon (4/15)
 Temple: D:4-7

Altars:
Trog


Innate Abilities, Weirdness & Mutations

You have a pair of small antennae on your head.
Your flesh is heat resistant. (rF+)
Your magical capacity is low. (-10% MP)
Your muscles are strong. (Str +2)


Message History

You kill the orc!
You see here a trident.
You now have 136 gold pieces (gained 16).
You see here a trident.
You now have 154 gold pieces (gained 18).
There is an open door, spattered with blood here.
Items here: )))))) [[[[[ ††††
x - a falchion;
y - a glowing robe You now have 161 gold pieces (gained 7).
Found a hand axe.
A frilled lizard and an iguana come into view.
The iguana hisses angrily.
You closely miss the iguana. The iguana bites you!
* * * LOW HITPOINT WARNING * * *
The iguana bites you!
* * * LOW HITPOINT WARNING * * *
You closely miss the iguana. The iguana barely misses you.
You barely miss the iguana. You block the iguana's attack. x2
You closely miss the iguana. The iguana bites you!
You die...

... # ... ### .
#. ... #.)#
..###. #.##...#
.....# #.#...#
#...## +#.#'.# .
#....###...###...
#....@ll.8.......
##...###...###..
#..## +#.#+ #.#
{#.# #. ##.## #.
##...##
#.####.....####
#..............
#######..######


You could see an iguana and a frilled lizard.

Vanquished Creatures
  6 orc wizards
  Natasha (twice) (D:2)
  Terence (D:3)
  An adder (D:2)
  3 oozes
  2 worms
  2 dart slugs (D:1)
  7 orcs
  12 bats
  4 giant cockroaches
  3 goblins
  10 hobgoblins
  10 jackals
  6 kobolds
  A ball python (D:2)
  A frilled lizard (D:1)
  6 rats
77 creatures vanquished.

Vanquished Creatures (others)
  A goblin (D:1)
1 creature vanquished.

Grand Total: 78 creatures vanquished

Notes
Turn   | Place    | Note
-------+----------+-------------------------------------------
     0 | D:1      | EpicGamer07 the Human Fighter began the quest for the Orb.
     0 | D:1      | Reached XP level 1. HP: 18/18 MP: 1/1
    87 | D:1      | Reached XP level 2. HP: 21/24 MP: 2/2
   326 | D:1      | Reached XP level 3. HP: 24/29 MP: 3/3
   740 | D:2      | Reached XP level 4. HP: 35/35 MP: 4/4
   825 | D:2      | Noticed Natasha
   836 | D:2      | Gained mutation: Your flesh is heat resistant. (rF+) [potion of mutation]
   836 | D:2      | Gained mutation: Your magical capacity is low. (-10% MP) [potion of mutation]
   836 | D:2      | Gained mutation: Your muscles are strong. (Str +2) [potion of mutation]
   836 | D:2      | Gained mutation: You have a pair of small antennae on your head. [potion of mutation]
   856 | D:2      | Killed Natasha
  1336 | D:2      | Noticed Natasha
  1351 | D:2      | Reached XP level 5. HP: 41/41 MP: 4/4
  1367 | D:2      | Killed Natasha
  1774 | D:3      | Found a bloodstained altar of Trog.
  1954 | D:3      | Noticed Terence
  1974 | D:3      | Killed Terence
  1974 | D:3      | Reached XP level 6. HP: 47/47 MP: 5/5
  2187 | D:4      | Reached skill level 1 in Dodging
  2191 | D:4      | Reached skill level 1 in Maces & Flails
  2252 | D:4      | Slain by an iguana

Skill      XL: |  1  2  3  4  5  6 |
---------------+-------------------+-----
Long Blades    | 3 4 |  4.0
Shields        | 4 |  4.2
Armour         | 4 |  4.2
Dodging        | 1 |  1.1
Maces & Flails | 1 |  1.0
Fighting       | |  3.5

Action                   |  1- 3 |  4- 6 || total
-------------------------+-------+-------++-------
Melee: Long sword        |    65 |   115 ||   180
       Mace              |       |    18 ||    18
       Morningstar       |       |    86 ||    86
  Use: Potion            |       |     5 ||     5
  Eat: Ration            |       |     2 ||     2
Armor: Scale mail        |    36 |   162 ||   198
Dodge: Dodged            |    23 |    76 ||    99
Block: Shield            |    46 |   149 ||   195
       Rpst.: Long sword |     7 |    13 ||    20
